Map: Acid Plant LE

Players

Scarlett - Winner!

  • Race: Zerg Zerg
  • Spawn Location: 5:00

Harstem

  • Race: Protoss Protoss
  • Spawn Location: 11:00

Event: WCS Montreal 2018

VOD

Have the link to the VOD?

Description

Time

  • Played on: Sept. 7, 2018, 8:27 p.m.
  • Length: 7:13

All games in this series

Show
View Real Time Build Order
Export as new Build Order

Scarlett Zerg - Winner!

Build Orders: Hatch First 

Get SALT Encoding   

  12  0:00  Drone  
  13  0:13  Overlord  
  13  0:18  Drone  
  14  0:31  Drone x2  
  16  0:48  Hatchery  
  15  0:51  Drone  
  15  0:55  Drone  
  17  0:58  Drone  
  18  1:08  Extractor  
  17  1:13  Spawning Pool  
  17  1:17  Drone  
  17  1:19  Drone  
  18  1:28  Drone  
  19  1:39  Drone  
  20  1:49  Drone  
  21  1:59  Queen x2  
  21  2:00  Zergling x2, Overlord  
  26  2:08  Metabolic Boost  
  26  2:11  Drone x2  
  28  2:21  Drone  
  30  2:22  Drone  
  30  2:32  Drone  
  30  2:33  Drone  
  32  2:37  Hatchery  
  32  2:43  Queen  
  33  2:48  Overlord  
  33  2:51  Zergling x2  
  34  2:53  Drone  
  34  2:55  Drone  
  36  3:07  Drone  
  36  3:08  Drone x4  
  36  3:10  Drone  
  36  3:11  Drone  
  43  3:14  Overlord  
  43  3:18  Drone  
  44  3:27  Extractor  
  44  3:28  Drone  
  44  3:29  Lair  
  44  3:34  Drone, Queen  
  45  3:35  Drone  
  45  3:39  Extractor  
  45  3:40  Drone x3  
  50  3:44  Spore Crawler  
  50  3:45  Drone  
  50  3:49  Drone  
  50  3:52  Drone  
  50  3:53  Drone x2  
  54  3:57  Spore Crawler  
  54  3:58  Drone  
  54  4:00  Overlord  
  54  4:04  Spore Crawler  
  54  4:07  Drone x2  
  54  4:08  Extractor  
  54  4:14  Drone x4  
  57  4:20  Drone x3  
  60  4:30  Hydralisk Den  
  60  4:31  Baneling Nest  
  57  4:32  Drone x3  
  60  4:39  Drone  
  60  4:41  Overlord x2  
  60  4:44  Drone x3  
  64  4:48  Overlord  
  64  4:53  Drone  
  65  5:04  Hydralisk x5, Muscular Augments  
  75  5:10  Hydralisk x2  
  75  5:13  Hydralisk  
  81  5:18  Hydralisk x2  
  81  5:19  Overlord  
  85  5:21  Overlord  
  85  5:31  Hydralisk x2  
  89  5:37  Overlord  
  89  5:38  Overlord x2  
  88  5:43  Hydralisk x3  
  88  5:44  Zergling x4  
  96  5:51  Zergling x12  
  102  5:58  Hydralisk x2, Zergling x2  
  102  5:59  Zergling x2  
  102  6:01  Zergling x4  
  110  6:12  Zergling x12  
  110  6:16  Zergling x2  
  110  6:18  Zergling x4, Baneling x4  
  119  6:19  Baneling x8  
  119  6:20  Baneling  
  119  6:21  Baneling  
  119  6:22  Baneling x2  
  119  6:27  Zergling x2  
  119  6:28  Zergling x8  
  119  6:30  Zergling x2  
  119  6:31  Zergling x2  
  126  6:33  Baneling x4  
  126  6:35  Zergling x2  
  126  6:37  Baneling x2  
  126  6:38  Overlord  
  127  6:41  Overlord x2  
  129  6:55  Overlord x2  
Show
View Real Time Build Order
Export as new Build Order

Harstem Protoss 

Build Orders: 1 Gate Expand, Oracle Opening, Phoenix Opening, Zealot Archon 

Get SALT Encoding   

  12  0:00  Probe  
  13  0:12  Probe  
  14  0:21  Pylon  
  14  0:24  Probe  
  15  0:35  Probe  
  15  0:38  Assimilator  
  16  0:43  Probe  
  16  0:47  Gateway  
  17  0:53  Probe  
  18  1:05  Probe  
  19  1:17  Probe  
  20  1:23  Nexus  
  20  1:34  Cybernetics Core  
  20  1:36  Probe  
  21  1:43  Assimilator  
  21  1:48  Probe  
  21  1:51  Pylon  
  22  2:00  Probe  
  23  2:02  Adept  
  23  2:12  Probe  
  23  2:14  Stargate  
  26  2:23  Warp Gate  
  26  2:24  Probe  
  26  2:28  Adept  
  29  2:35  Probe  
  29  2:39  Probe  
  29  2:43  Probe  
  31  2:50  Phoenix  
  31  2:51  Probe  
  33  2:52  Probe  
  36  3:03  Probe  
  36  3:04  Probe, Oracle  
  38  3:09  Gateway  
  38  3:15  Probe  
  38  3:18  Probe  
  43  3:27  Probe  
  43  3:30  Probe  
  43  3:31  Pylon  
  43  3:32  Assimilator  
  45  3:36  Assimilator  
  45  3:39  Probe  
  46  3:46  Probe  
  46  3:48  Stargate  
  46  3:51  Probe  
  46  3:54  Probe  
  46  3:55  Pylon  
  48  4:02  Pylon, Phoenix  
  51  4:03  Probe x2  
  53  4:15  Probe  
  53  4:16  Probe  
  55  4:19  Pylon  
  55  4:20  Phoenix  
  55  4:28  Adept x2  
  55  4:29  Phoenix  
  63  4:42  Phoenix  
  63  4:46  Phoenix  
  63  4:52  Nexus  
  67  5:00  Forge  
  67  5:04  Twilight Council  
  67  5:11  Probe x2  
  67  5:13  Gateway  
  69  5:16  Protoss Ground Weapons Level 1, Gateway  
  69  5:19  Pylon  
  69  5:20  Charge  
  69  5:29  Gateway  
  69  5:31  Probe  
  69  5:35  Gateway  
  71  5:43  Probe  
  71  5:46  Templar Archives  
  71  5:48  Sentry, Zealot  
  75  5:57  Gateway  
  75  5:58  Gateway  
  75  6:01  Probe x2  
  77  6:07  Probe  
  76  6:13  Probe  
  76  6:15  Zealot x2  
  76  6:17  Pylon  
  81  6:22  Pylon  
  81  6:26  High Templar x2, Zealot  
  81  6:27  Probe  
  81  6:28  Pylon  
  81  6:32  Archon  
  88  6:33  Probe  
  88  6:36  High Templar x2, Zealot  
  95  6:40  Pylon  
  95  6:41  Archon  
  95  6:42  Pylon  
  89  6:54  Zealot  
  89  6:57  Zealot  
  89  6:58  Zealot x2  
  96  7:03  Zealot x2  
  84  7:09  Zealot  
  84  7:10  Zealot  
Tags
 
Add a new tag
Caveats
  • Supply blocks, unpowered buildings, or Contaminate may cause inaccurate times.
  • Supply counts are checked every 10 seconds.